AoeStats
← djeismagic

Four Lakes

509744353Analyzed
1v1 RM · 5d ago on Sep 27, 2026· 35m 16s· 2 players
Game mode
Random Map
Map size
Tiny (2 player)
Population
200
Speed
Normal
Resources
Standard
Victory
Conquest
Starting age
Dark Age
Ending age
Imperial Age
RankedLock teamsTeams togetherTeam positionsShared explorationLock speedFull tech treeHidden civsTurbo modeCheats
Victory
Defeat
🇨🇭 Vikings · Switzerland
836
+15
🇫🇷 Cumans · France
816
-39
djeismagic
11:59 Feudal Age
12:30 Double-Bit Axe
12:43 Horse Collar
14:17 Wheelbarrow
13:30 Town Watch
19:53 Gold Mining
22:27 Castle Age
25:12 Castle Age
25:26 Pikeman
26:08 Squires
25:35 Elite Skirmisher
31:30 Thumb Ring
zero_cool
12:09 Feudal Age
18:13 Castle Age
16:25 Fletching
16:24 Double-Bit Axe
18:34 Loom
20:53 Bodkin Arrow
21:18 Fishing Lines
27:04 Town Watch
26:54 Crossbowman
31:04 Imperial Age
31:48 Gold Mining
32:18 Bracer
32:19 Padded Archer Armor
31:46 Arbalester
35:32 Forging
35:28 Scale Barding Armor
35:27 Scale Mail Armor
35:42 Leather Archer Armor
Connection lost

Rejoining the realm…

Still unreachable

The connection could not be restored.

Session expired

The server has moved on; the page needs a fresh start.